 Dungeon Crawl Stone Soup version 0.22.1-2-g9c5b331 (webtiles) character file.

42 Goblin1989 the Sneak (level 3, -6/36 HPs)
             Began as an Octopode Assassin on Dec 25, 2018.
             Killed by divine providence
             ... invoked by an orc priest
              (7 damage)
             ... on level 2 of the Dungeon.
             The game lasted 00:03:37 (1504 turns).

Goblin1989 the Sneak (Octopode Assassin)            Turns: 1504, Time: 00:03:40

Health: -6/36      AC: 21    Str:  8 (10) XL:     3   Next: 56%
Magic:  3/3        EV:  2    Int: 15 (18) God:
Gold:   28         SH:  0    Dex: 11 (14) Spells: 2/2 levels left

rFire    + . .     SeeInvis .   a - +2 dagger
rCold    . . .     Gourm    .   (no shield)
rNeg     + + +     Faith    .   (helmet currently unavailable)
rPois    +         Spirit   .   (no amulet)
rElec    .         Reflect  .   m - ring of protection from magic
rCorr    .         Harm     .   f - ring of protection from fire
MR       +....     NoTele   +   F - +5 ring of intelligence
Stlth    +++.......             (no ring)
HPRegen  0.12/turn              (no ring)
MPRegen  0.08/turn              (no ring)
                                (no ring)
                                (no ring)

@: tree-form
A: almost no armour, stealthy swim, (amphibious), 8 rings, (constrict 8)
a: no special abilities


You were on level 2 of the Dungeon.
You were not hungry.
You were a tree.
You visited 1 branch of the dungeon, and saw 2 of its levels.

You collected 28 gold pieces.

Inventory:

Hand Weapons
 a - a +2 dagger (weapon)
 w - a +0 blowgun {@w1}
 y - a +0 hunting sling
 J - a +0 rapier
Missiles
 c - 45 poisoned needles
 d - 2 curare-tipped needles
 x - 52 stones (quivered) {@Q3}
Jewellery
 f - a ring of protection from fire (right branch)
 m - a ring of protection from magic (left branch)
 F - a +5 ring of intelligence (on tentacle)
Scrolls
 E - a scroll of magic mapping {unknown}
 G - a scroll of immolation {unknown}
 I - a scroll of random uselessness {unknown}
Potions
 v - a potion of haste {unknown}
 A - a potion of lignification
Comestibles
 e - 6 rations


   Skills:
 - Level 2.0 Fighting
 - Level 2.0 Short Blades
 - Level 2.0 Throwing
 - Level 1.0 Dodging
 + Level 7.2 Stealth


You had 2 spell levels left.
You didn't know any spells.
Your spell library was empty.

Dungeon Overview and Level Annotations

Branches:
Dungeon (2/15)

Altars:


Innate Abilities, Weirdness & Mutations

You cannot wear most types of armour.
You are very stealthy in the water. (Stealth+)
((You are amphibious.))
You can wear up to eight rings at the same time.
((You can use your tentacles to constrict eight enemies at once.))
((Your skin changes colour to match your surroundings (Stealth+).))
((Your rubbery body absorbs attacks. (AC +1, EV +1)))


Message History

No target in view!
No target in view!
No target in view!
No target in view!
No target in view!
Key pressed, stopping explore.
Eating a chunk of flesh.
You eat the chunk of flesh.
This raw flesh tastes terrible.
Key pressed, stopping explore.
You found a teleport trap!
Key pressed, stopping explore. 2 orcs come into view.
An orc priest comes into view. It is wielding a trident.
Wield which item (- for none, * to show all)? (? for menu, Esc to quit)
w - a +0 blowgun (weapon)
{@w1} Firing (i - inventory. (/) - cycle)
c - 54 poisoned needles (quivered)
Press: ? - help, Shift-Dir - straight line, f - orc
Aim: an orc, wielding a whip and wearing a chain mail (resting)
You shoot a poisoned needle. The poisoned needle hits the orc.
The orc is poisoned.
The orc shouts!
Firing (i - inventory. (/) - cycle)
c - 53 poisoned needles (quivered)
Press: ? - help, Shift-Dir - straight line, f/p - orc
Aim: an orc, wielding a whip and wearing a chain mail (poisoned)
You shoot a poisoned needle. The poisoned needle hits the orc.
The orc looks even sicker.
The orc priest shouts!
The orc shouts!
An orc priest comes into view. It is wielding a hand axe.
Firing (i - inventory. (/) - cycle)
c - 52 poisoned needles (quivered)
Press: ? - help, Shift-Dir - straight line, f/p - orc
Aim: an orc, wielding a whip and wearing a chain mail (poisoned)
You shoot a poisoned needle.
The poisoned needle barely misses the orc.
The orc priest shouts!
Firing (i - inventory. (/) - cycle)
c - 51 poisoned needles (quivered)
Press: ? - help, Shift-Dir - straight line, f/p - orc
Aim: an orc, wielding a whip and wearing a chain mail (heavily wounded, You shoot a poisoned needle.
The poisoned needle hits the orc.
The orc looks even sicker.
The orc is heavily wounded.
You kill the orc!
The orc priest mumbles some strange prayers to Beogh against you.
You resist with significant effort.
The orc priest miscasts a cantrip.
Firing (i - inventory. (/) - cycle)
c - 50 poisoned needles (quivered)
Press: ? - help, Shift-Dir - straight line, f - orc
Aim: an orc, wielding a hand axe You shoot a poisoned needle.
The poisoned needle barely misses the orc.
Firing (i - inventory. (/) - cycle)
c - 49 poisoned needles (quivered)
Press: ? - help, Shift-Dir - straight line, f/p - orc
Aim: an orc, wielding a hand axe You shoot a poisoned needle.
The poisoned needle hits the orc.
The orc is poisoned.
Firing (i - inventory. (/) - cycle)
c - 48 poisoned needles (quivered)
Press: ? - help, Shift-Dir - straight line, f/p - orc
Aim: an orc, wielding a hand axe (poisoned)
You shoot a poisoned needle. The poisoned needle hits the orc.
The orc looks even sicker.
Firing (i - inventory. (/) - cycle)
c - 47 poisoned needles (quivered)
Press: ? - help, Shift-Dir - straight line, f/p - orc
Aim: an orc, wielding a hand axe (poisoned)
You shoot a poisoned needle. The poisoned needle hits the orc.
The orc looks even sicker.
Firing (i - inventory. (/) - cycle)
c - 46 poisoned needles (quivered)
Press: ? - help, Shift-Dir - straight line, f/p - orc
Aim: an orc, wielding a hand axe (poisoned)
You shoot a poisoned needle.
The poisoned needle closely misses the orc.
The orc hits you with a hand axe.
You take 5 damage, and have 19/24 hp.
MASSIVE DAMAGE!!
a - a +2 dagger (weapon)
The orc hits you with a hand axe!
You take 7 damage, and have 12/24 hp.
MASSIVE DAMAGE!!
You hit the orc.
You kill the orc!
You hit the orc priest but do no damage.
You grab the orc priest.
You constrict the orc priest, but do no damage.
The orc priest looks encouraged for a moment.
The orc priest calls down the wrath of Beogh upon you.
Beogh smites you!
* * * LOW HITPOINT WARNING * * *
You take 11 damage, and have 1/24 hp.
MASSIVE DAMAGE!!
You hit the orc priest but do no damage.
You constrict the orc priest.
Unknown command.
You don't know any spells.
Unknown command.
It was a potion of lignification.
You turn into a tree.
Your roots penetrate the ground.
You lose your grip on the orc priest.
The orc priest hits you but does no damage. x2
You now have 1/36 hp.
It was a potion of degeneration.
There was something very wrong with that liquid.
You feel weakened.
You feel dopey.
You feel clumsy.
The orc priest hits you but does no damage.
The orc priest calls down the wrath of Beogh upon you.
Beogh smites you!
You die...

█....█ ██.█████ █.(.....█
.█████ █.....█ █.(.....█ .█
█████.█ █.o(....█ .██ █.█
█...o...█ █ ..██ █.█
█.█...o...█.█ ...██ ███ █.█
█...........█ ....██ ██.███.█
█....█
.....████...██.████████...████
.....▲..........♣oo((........▲
.....████...██.████████...████
..>.██ ██^█...█ █..██ ...██
███.███ █.██ ..██ █.█ (..
∆████ █.█ ███ ....█ █.█ ....██
█.█ .██..██ █.█


You could see 2 orc priests.

Vanquished Creatures
  An ooze (D:1)
  2 dart slugs (D:1)
  2 orcs (D:2)
  2 giant cockroaches (D:1)
  2 goblins (D:1)
  2 hobgoblins (D:1)
  A quokka (D:2)
  5 bats
  A frilled lizard (D:1)
  8 kobolds
  5 rats (D:1)
31 creatures vanquished.

Notes
Turn   | Place    | Note
-------+----------+-------------------------------------------
     0 | D:1      | Goblin1989 the Octopode Assassin began the quest for the
                  | Orb.
     0 | D:1      | Reached XP level 1. HP: 14/14 MP: 1/1
   378 | D:1      | Reached skill level 6 in Stealth
   378 | D:1      | Reached XP level 2. HP: 19/19 MP: 2/2
   844 | D:1      | Reached XP level 3. HP: 24/24 MP: 3/3
  1210 | D:2      | Reached skill level 7 in Stealth
  1501 | D:2      | HP: 1/24 [orc priest/divine providence (11)]
  1504 | D:2      | Killed from afar by an orc priest

Skill      XL: |  1  2  3 |
---------------+----------+-----
Stealth        | 6 7 |  7.2
Fighting       | |  2.0
Short Blades   | |  2.0
Throwing       | |  2.0
Dodging        | |  1.0

Action                   || total
-------------------------++-------
Melee: Dagger            ||    40
       Constrict         ||     8
       Tentacles         ||     5
 Fire: Blowgun           ||     9
  Use: Potion            ||     2
       Scroll            ||     1
 Stab: Sleeping          ||    18
  Eat: Chunk             ||     2
Armor: Skin              ||     4
Dodge: Dodged            ||    12

Vault maps used:
D:1:      dpeg_arrival_boxes_within_box, hangedman_abyss_or_decor_stabs
D:2:      cheibrodos_pilgrimage, minmay_misc_feat_hallway
